 Dungeon Crawl Stone Soup version 0.20-a0-820-g557356e (webtiles) character file.

114 GreetingsTrabeler the Slasher (level 4, -5/35 HPs)
             Began as a Mummy Monk on Mar 4, 2017.
             Killed by divine providence
             ... invoked by an orc priest
              (14 damage)
             ... on level 3 of the Dungeon.
             The game lasted 00:05:31 (2359 turns).

GreetingsTrabeler the Slasher (Mummy Monk)          Turns: 2359, Time: 00:05:32

Health: -5/35      AC:  6    Str: 14    XL:     4   Next: 66%
Magic:  4/4        EV: 11    Int:  9    God:
Gold:   130        SH:  0    Dex: 15    Spells: 3/3 levels left

rFire    x . .     SeeInvis .   a - +0 falchion
rCold    + . .     Gourm    .   c - +0 ring mail
rNeg     + + +     Faith    .   (no shield)
rPois    ∞         Spirit   .   (no helmet)
rElec    .         Reflect  .   g - +0 cloak
rCorr    .         Harm     .   (no gloves)
MR       .....                  (no boots)
Stlth    +.........             (no amulet)
Regen    0.2/turn               (no ring)
MPRegen  0.1/turn               (no ring)

@: no status effects
A: no food or potions, fire vulnerability, cold resistance 1, negative energy
resistance 3, torment resistance, unbreathing
a: no special abilities


You were on level 3 of the Dungeon.
You were not hungry.

You visited 1 branch of the dungeon, and saw 3 of its levels.

You collected 130 gold pieces.

Inventory:

Hand Weapons
 a - a +0 falchion (weapon)
Missiles
 i - 3 javelins (quivered)
Armour
 c - a +0 ring mail (worn)
 g - a +0 cloak (worn)
Jewellery
 e - an uncursed amulet of magic regeneration {unknown}
 f - an uncursed amulet of faith {unknown}
Scrolls
 b - a scroll of noise {unknown}
 d - 3 scrolls of identify {unknown}
 h - a scroll of enchant weapon {unknown}


   Skills:
 - Level 3.0 Fighting
 + Level 4.5 Long Blades
 - Level 2.4 Dodging
 - Level 1.5 Stealth


You had 3 spell levels left.
You didn't know any spells.

Dungeon Overview and Level Annotations

Branches:
Dungeon (3/15)

Altars:
Dithmenos
Hepliaklqana
Makhleb


Innate Abilities, Weirdness & Mutations

You do not eat or drink.
Your flesh is vulnerable to fire.
You are immune to poison.
Your flesh is cold resistant. (rC+)
You are immune to negative energy. (rN+++)
You are immune to unholy pain and torment.
You can survive without breathing.


Message History

The orc priest invokes the aid of Beogh against you.
Beogh smites you!
* * * LOW HITPOINT WARNING * * *
Unknown command.
You hit the orc priest.
The orc priest is heavily wounded.
The orc barely misses you.
You riposte.
You hit the orc.
The orc is severely wounded.
The orc priest hits you with a falchion.
* * * LOW HITPOINT WARNING * * *
Unknown command.
You hit the orc priest.
The orc priest is severely wounded.
The orc hits you but does no damage.
Unknown command.
The orc barely misses you.
The orc priest looks satisfied for a moment.
The orc priest calls down the wrath of Beogh upon you.
Beogh smites you!
You die...

. #.##.....#.##........#
. #.#.#........##..#####.
.##.#.#........#.o.......
.. ...#).......##o#.....#
.####.#........#.o.......
.##))........#.#..#.#####
.##.#†#.###..#.#..#.#
..)...#.# #....#..# .
....#.#.# #.####@.####.
.##...#.# #.............
.##...#.# ############.#
.##...... .####.... .#
###.. .# .. .# >#


You could see an orc priest and 2 orcs.

Vanquished Creatures
  4 adders (D:2)
  An ooze (D:1)
  A worm (D:2)
  A dart slug (D:1)
  2 leopard geckos (D:2)
  7 orcs
  2 giant cockroaches
  6 goblins
  6 hobgoblins
  9 kobolds
  2 ball pythons (D:2)
  5 bats
  4 frilled lizards
  9 rats
59 creatures vanquished.

Notes
Turn   | Place    | Note
-------+----------+-------------------------------------------
     0 | D:1      | GreetingsTrabeler the Mummy Monk began the quest for the Orb.
     0 | D:1      | Reached XP level 1. HP: 18/18 MP: 1/1
   347 | D:1      | Reached XP level 2. HP: 24/24 MP: 2/2
   379 | D:1      | Reached skill level 3 in Long Blades
   831 | D:2      | Reached XP level 3. HP: 29/29 MP: 3/3
  1018 | D:2      | Found a shadowy altar of Dithmenos.
  1511 | D:2      | Reached skill level 4 in Long Blades
  1575 | D:2      | Reached XP level 4. HP: 32/35 MP: 4/4
  1676 | D:2      | Found a burning altar of Makhleb.
  1909 | D:2      | Found a hazy altar of Hepliaklqana.
  2359 | D:3      | Killed from afar by an orc priest

Vault maps used:
D:1:      minmay_arrival_wavy_path
D:2:      lemuel_round_altar, lemuel_round_altar, marbit_many_paths
D:3:      nicolae_gozag_seed_capital

Skill      XL: |  1  2  3 |
---------------+----------+-----
Long Blades    | 3 4 |  4.5
Fighting       | |  3.0
Dodging        | |  2.4
Stealth        | |  1.5

Action                   |  1- 3 |  4- 6 || total
-------------------------+-------+-------++-------
Melee: Falchion          |   123 |    85 ||   208
 Stab: Sleeping          |     2 |     1 ||     3
Armor: Robe              |     4 |       ||     4
       Ring mail         |    38 |    34 ||    72
Dodge: Dodged            |    85 |    56 ||   141
       Rpst.: Falchion   |    27 |    20 ||    47
